 Dungeon Crawl Stone Soup version 0.29.1-13-g9f3cf754e1 (webtiles) character file.

Game seed: 5495713477896276645

8 Chiseanne the Chopper (level 2, 21/21 HPs)
             Began as a Demonspawn Wanderer on Jan 30, 2023.
             Quit the game on level 1 of the Dungeon.
             The game lasted 00:00:38 (595 turns).

Chiseanne the Chopper (Demonspawn Wanderer)          Turns: 595, Time: 00:00:38

Health: 21/21      AC:  2    Str: 16    XL:     2   Next: 0%
Magic:  2/2        EV: 11    Int: 11    God:
Gold:   49         SH:  4    Dex: 16    Spells: 1/1 levels left

rFire   . . .      SeeInvis .   a - +2 hand axe
rCold   . . .      Faith    .   c - +0 buckler
rNeg    . . .      Spirit   .   e - +0 robe
rPois   .          Reflect  .   (no helmet)
rElec   .          Harm     .   (no cloak)
rCorr   .          Rampage  .   (no gloves)
Will    .....                   (no boots)
Stlth   +.........              (no amulet)
HPRegen 0.07/turn               h - +6 ring of strength
MPRegen 0.08/turn               (no ring)

@: no status effects
A: weakness stinger 1
a: no special abilities


You were on level 1 of the Dungeon.
You visited 1 branch of the dungeon, and saw 1 of its levels.

You collected 49 gold pieces.

Inventory:

Hand Weapons
 a - a +2 hand axe (weapon)
 b - a +0 spear
Missiles
 g - 12 stones (quivered)
Armour
 c - a +0 buckler (worn)
 e - a +0 robe (worn)
Jewellery
 h - a +6 ring of strength (left hand)
Scrolls
 i - a scroll of poison {unknown}
 j - a scroll of identify {unknown}
Potions
 d - a potion of heal wounds
 f - 3 potions of curing {unknown}


   Skills:
 * Level 1.3 Fighting
 - Level 2.6(3.0) Axes
 - Level 1.7(2.5) Polearms
 * Level 1.2 Armour
 * Level 0.4 Dodging
 * Level 1.9 Shields
 - Level 1.2 Invocations


You had one spell level left.
You didn't know any spells.
Your spell library was empty.

Dungeon Overview and Level Annotations

Branches:
Dungeon (1/15)

Altars:


Innate Abilities, Weirdness & Mutations

You have a small tail.


Message History

No target in view!
No target in view!
No target in view!
i - a scroll labelled AVOXTO EPHIHEST
f - 3 silvery potions (gained 1)
j - a scroll labelled ERCHUN UFEOCIKH A goblin comes into view.
It is wielding a +0 dagger.
The goblin shouts!
The goblin hits you but does no damage.
You barely miss the goblin. The goblin closely misses you.
You hit the goblin.
You kill the goblin!
No target in view!
No target in view!
No target in view!
No target in view!
No target in view!
No target in view!
No target in view!
No target in view!
No target in view!
No target in view!
No target in view!
No target in view!
No target in view!
No target in view!
No target in view!
You see here a +0 dagger.
A bat comes into view.
An endoplasm comes into view.
You hit the bat.
The bat is moderately wounded.
The bat hits you. You block the bat's attack.
You slash the bat!
You kill the bat!
You have reached level 2!
Your demonic ancestry asserts itself...
You grow a small tail.
Are you sure you want to abandon this character and quit the game? (Confirm with "yes".)

#.# #.# #.#
#.######
#.####
#.......
#....#
####.###
#.##.# #.#
#.##.#
#######.###
#.##.#
...........
#.##.#
#######.###
# #.##@#
#.# ####
#.##.# #.#
...# #.##J#
#.#
##.######
... #.#
........#
..# #.#
...####.#
#..# ...
...#..#.#
#..#
...+....#
#..#
####.<###


You could see an endoplasm.

Vanquished Creatures
  3 bats (D:1)
  An endoplasm (D:1)
  A ball python (D:1)
  A goblin (D:1)
  A kobold (D:1)
  2 rats (D:1)
9 creatures vanquished.

Notes
Turn   | Place    | Note
-------+----------+-------------------------------------------
     0 | D:1      | Chiseanne the Demonspawn Wanderer began the quest for the
                  | Orb.
     0 | D:1      | Chiseanne set off with the following items: a +2 hand axe,
                  | a +0 spear, a +0 buckler, a potion of heal wounds, a +0
                  | robe.
     0 | D:1      | Reached XP level 1. HP: 15/15 MP: 1/1
   595 | D:1      | Gained mutation: You have a small tail. [demonic ancestry]
   595 | D:1      | Reached XP level 2. HP: 21/21 MP: 2/2
   595 | D:1      | Quit the game

Illustrated notes

Levels and vault maps discovered:
D:1:      dpeg_arrival_ratfight, layout_loops_ring, minmay_misc_feat_tiny,
          chequers_serial_rivers_marsh, hangedman_decor_lopped

Action                   || total
-------------------------++-------
Melee: Hand axe          ||    22
 Stab: Sleeping          ||     1
Armor: Robe              ||     6
Dodge: Dodged            ||     9
Block: Buckler           ||     6
